 Dungeon Crawl Stone Soup version 0.30.1 (webtiles) character file.

Game seed: 11848561331471142095

1792082 acarine the Wrestler (level 25, 202/202 HPs)
             Began as a Gnoll Wanderer on July 9, 2023.
             Was the Champion of Wu Jian.
             Escaped with the Orb
             ... and 3 runes on July 10, 2023!
             The game lasted 03:39:21 (56046 turns).

acarine the Wrestler (Gnoll Wanderer)              Turns: 56046, Time: 03:39:22

Health: 202/202    AC: 32    Str: 19    XL:     25   Next: 55%
Magic:  44/44      EV: 21    Int: 18    God:    Wu Jian [******]
Gold:   2850       SH: 32    Dex: 23    Spells: 8/59 levels left

rFire   + .          .
                       - Unarmed
rCold   + + .        W - +10 tower shield of Parts Unknown {rF+ Int+3}
rNeg    + + .        L - +1 ice dragon scales of Ovirgh {+Inv rElec rF- rC++ rN++ rCorr}
rPois   +            X - +3 crown of Dyrovepreva {rElec Int+2 SInv}
rElec   +            a - +2 cloak
rCorr   +            c - +1 pair of gloves
SInv    +            A - +2 pair of boots
Will    ++...        O - amulet of Wu Jian's Castigation {Faith rF+ Regen+}
Stlth   ++           g - ring of Kukeshreqo {Will+ Dex+4 Slay+5}
HPRegen 1.33/turn    s - ring of poison resistance
MPRegen 0.29/turn

%: faith
@: studying 2 skills
A: fangs 1, strong nose, distributed training, iridescent scales 1, agile 1,
clever 1, teleportitis 1
0: Orb of Zot
}: 3/15 runes: decaying, serpentine, silver
a: Renounce Religion, Evoke Invisibility, Wall Jump, Serpent's Lash, Heavenly
Storm


You escaped.
You worshipped Wu Jian.
Wu Jian was exalted by your worship.
You visited 10 branches of the dungeon, and saw 48 of its levels.
You also visited: Volcano.

You collected 7033 gold pieces.
You spent 4183 gold pieces at shops.

Inventory:

Missiles
 C - 7 javelins
 Q - a silver boomerang (quivered)
 Z - 8 datura-tipped darts
Armour
 a - a +2 cloak (worn)
 c - a +1 pair of gloves (worn)
 A - a +2 pair of boots (worn)
 L - the +1 ice dragon scales of Ovirgh (worn) {+Inv rElec rF- rC++ rN++ rCorr}
   (You found it on level 9 of the Dungeon)

   rF:        It makes you vulnerable to fire.
   rC:        It greatly protects you from cold.
   rElec:     It insulates you from electricity.
   rN:        It greatly protects you from negative energy.
   +Inv:      It lets you turn invisible.
   rCorr:     It protects you from acid and corrosion.
 W - the +10 tower shield of Parts Unknown (worn) {rF+ Int+3}
   (You found it on level 5 of the Lair of Beasts)

   Int:       It affects your intelligence (+3).
   rF:        It protects you from fire.
 X - the +3 crown of Dyrovepreva (worn) {rElec Int+2 SInv}
   (You acquired it on level 3 of the Snake Pit)

   Int:       It affects your intelligence (+2).
   rElec:     It insulates you from electricity.
   SInv:      It lets you see invisible.
Jewellery
 g - the ring of Kukeshreqo (left hand) {Will+ Dex+4 Slay+5}
   (You acquired it on level 8 of the Dungeon)

   [ring of willpower]

   Dex:       It affects your dexterity (+4).
   Slay:      It affects your accuracy & damage with ranged weapons and melee
   (+5).
   Will:      It increases your willpower.
 q - an amulet of guardian spirit
 s - a ring of poison resistance (right hand)
 w - the ring "Nise" {Fly Slay+4}
   (You found it on level 3 of the Depths)

   [ring of slaying]

   Slay:      It affects your accuracy & damage with ranged weapons and melee
   (+4).
   Fly:       It grants you flight.
 F - a ring of see invisible
 O - the amulet of Wu Jian's Castigation (around neck) {Faith rF+ Regen+}
   (You bought it in a shop on level 3 of the Dungeon)

   [amulet of faith]

   It allows you to gain divine favour quickly.
   rF:        It protects you from fire.
   Regen:     It increases your rate of health regeneration.
 P - a ring of flight
Wands
 i - a wand of flame (75)
 k - a wand of digging (25)
 l - a wand of iceblast (25)
 n - a wand of mindburst (25)
 K - a wand of quicksilver (23)
 R - a wand of charming (50)
 S - a wand of polymorph (25)
Scrolls
 b - a scroll of blinking
 o - 9 scrolls of teleportation
 t - 10 scrolls of amnesia
 u - 4 scrolls of noise
 B - 3 scrolls of torment
 G - 3 scrolls of magic mapping
 J - 10 scrolls of enchant weapon
 M - a scroll of fog
 N - a scroll of summoning
 U - 5 scrolls of fear
Potions
 d - 4 potions of resistance
 e - 7 potions of attraction
 h - 11 potions of flight
 p - 11 potions of curing
 r - 11 potions of brilliance
 v - 5 potions of invisibility
 x - 6 potions of magic
 z - a potion of berserk rage
Miscellaneous
 f - a phantom mirror
 D - a lightning rod (4/4)
 V - a box of beasts
 Y - a phial of floods


   Skills:
 + Level 17.6 Fighting
 + Level 20.5 Short Blades
 + Level 17.6 Long Blades
 + Level 17.6 Axes
 + Level 17.6 Maces & Flails
 + Level 17.6 Polearms
 + Level 17.8 Staves
 + Level 17.6 Ranged Weapons
 + Level 18.1 Throwing
 + Level 18.1 Armour
 + Level 17.6 Dodging
 + Level 17.6 Stealth
 + Level 17.6 Shields
 + Level 22.6 Unarmed Combat
 + Level 17.6 Spellcasting
 + Level 15.0 Conjurations
 + Level 15.0 Hexes
 + Level 15.0 Summonings
 + Level 15.0 Necromancy
 + Level 15.0 Translocations
 + Level 15.0 Transmutations
 + Level 15.0 Fire Magic
 + Level 15.0 Ice Magic
 + Level 15.0 Air Magic
 + Level 15.0 Earth Magic
 + Level 15.0 Poison Magic
 + Level 19.1 Invocations
 + Level 17.6 Evocations


You had 8 spell levels left.
You knew the following spells:

 Your Spells              Type           Power      Damage    Failure   Level
a - Freeze                Ice            100%       1d10      1%          1
b - Slow                  Hex            100%       N/A       1%          1
c - Confusing Touch       Hex            63%        N/A       1%          3
d - Ozocubu's Armour      Ice            63%        N/A       1%          3
e - Teleport Other        Tloc           63%        N/A       1%          3
f - Blade Hands           Tmut           31%        N/A       1%          5
g - Hailstorm             Conj/Ice       63%        3d13      1%          3
i - Vhi's Electric Charg  Tloc/Air       100%       N/A       1%          3
j - Gell's Gravitas       Tloc           63%        N/A       1%          3
k - Dispel Undead         Necr           63%        3d22      1%          4
l - Yara's Violent Unrav  Hex/Tmut       31%        3d13      1%          5
m - Arcjolt               Conj/Air       31%        1d41      1%          5
n - Silence               Hex/Air        31%        N/A       1%          5
o - Manifold Assault      Tloc           63%        N/A       1%          4
A - Apportation           Tloc           100%       N/A       1%          1
B - Blink                 Tloc           100%       N/A       1%          2

Your spell library contained the following spells:

 Spells                   Type           Power      Damage    Failure   Level
 Foxfire                  Conj/Fire      100%       2x1d9     1%          1
 Necrotise                Necr           100%       1d9       1%          1
 Shock                    Conj/Air       100%       1d9       1%          1
 Summon Small Mammal      Summ           100%       N/A       1%          1
 Cigotuvi's Dreadful Rot  Necr/Pois/Air  100%       N/A       1%          2
 Lesser Beckoning         Tloc           100%       N/A       1%          2
 Momentum Strike          Conj/Tloc      100%       3d10      1%          2
 Poisonous Vapours        Pois/Air       100%       N/A       1%          2
 Dazzling Flash           Conj/Hex       100%       N/A       1%          3
 Frozen Ramparts          Ice            100%       1d16      1%          3
 Inner Flame              Hex/Fire       63%        N/A       1%          3
 Mephitic Cloud           Conj/Pois/Air  63%        N/A       1%          3
 Portal Projectile        Hex/Tloc       100%       N/A       1%          3
 Summon Guardian Golem    Hex/Summ       63%        N/A       1%          3
 Swiftness                Air            63%        N/A       1%          3
 Tukima's Dance           Hex            63%        N/A       1%          3
 Vampiric Draining        Necr           63%        2d10      1%          3
 Airstrike                Air            31%        2d(5-21)  1%          4
 Animate Armour           Summ/Erth      100%       N/A       1%          4
 Animate Dead             Necr           63%        N/A       1%          4
 Flame Wave               Conj/Fire      63%        2d15      1%          4
 Ice Form                 Ice/Tmut       63%        N/A       1%          4
 Leda's Liquefaction      Hex/Erth       31%        N/A       1%          4
 Olgreb's Toxic Radiance  Pois           63%        N/A       1%          4
 Passage of Golubria      Tloc           63%        N/A       1%          4
 Summon Ice Beast         Ice/Summ       63%        N/A       1%          4
 Agony                    Necr           63%        N/A       1%          5
 Borgnjor's Vile Clutch   Necr/Erth      31%        N/A       1%          5
 Fireball                 Conj/Fire      31%        3d13      1%          5
 Freezing Cloud           Conj/Ice/Air   31%        6-21      1%          5
 Iskenderun's Battlesphe  Conj           63%        2d11      1%          5
 Lee's Rapid Deconstruct  Erth           31%        3d16*     1%          5
 Summon Mana Viper        Hex/Summ       63%        N/A       1%          5
 Conjure Ball Lightning   Conj/Air       31%        3x3d10    6%          6
 Death Channel            Necr           31%        N/A       6%          6
 Dispersal                Tloc           31%        N/A       6%          6
 Plasma Beam              Fire/Air       31%        2x1d48    6%          6
 Simulacrum               Ice/Necr       31%        N/A       6%          6
 Statue Form              Tmut/Erth      42%        N/A       6%          6
 Enfeeble                 Hex            31%        N/A       34%         7
 Haunt                    Necr/Summ      31%        N/A       34%         7
 Monstrous Menagerie      Summ           31%        N/A       34%         7
 Orb of Destruction       Conj           31%        9d10      34%         7
 Ozocubu's Refrigeration  Ice            31%        4d14      34%         7
 Spellforged Servitor     Conj/Summ      31%        N/A       34%         7
 Storm Form               Tmut/Air       31%        N/A       34%         7
 Discord                  Hex            31%        N/A       95%         8
 Ignition                 Fire           31%        3d10      95%         8
 Infestation              Necr           31%        N/A       95%         8
 Maxwell's Capacitive Co  Air            31%        ∞         95%         8
 Death's Door             Necr           31%        N/A       100%        9
 Fire Storm               Conj/Fire      31%        8d8       100%        9
 Polar Vortex             Ice            31%        N/A       100%        9


Dungeon Overview and Level Annotations

Branches:
Dungeon (15/15)            Temple (1/1) D:5            Lair (5/5) D:9
  Swamp (4/4) Lair:3        Snake (4/4) Lair:2        Slime (0/5) Lair:4
    Orc (2/2) D:11            Elf (3/3) Orc:2        Vaults (5/5) D:14
  Crypt (0/3) Vaults:3     Depths (4/4) D:15            Zot (5/5) Depths:4
Volcano (visited)

Altars:
Ashenzari
Cheibriados
Dithmenos
Elyvilon
Fedhas
Gozag
Hepliaklqana
Kikubaaqudgha
Makhleb
Nemelex Xobeh
Okawaru
Qazlal
Ru
Sif Muna
Trog
Uskayaw
Vehumet
Wu Jian
Xom
Yredelemnul
Zin
The Shining One
Jiyva

Shops:
D:1 ?   D:3 =?*=   D:6 *   Orc:2 ?!:*   Elf:1 [   Elf:3 [(=::   Snake:2 ?=[
Depths:1 :=:   Depths:2 *

Portals:
Hell: Depths:1 Depths:2 Depths:3 Depths:4
Abyss: Depths:3
Pandemonium: Depths:2
Ziggurat: Depths:2
Trove: Elf:1 (give 14 potions of curing)

Annotations:
D:13 2 transporters, alvan145's ghost, journeyman MiBe
D:15 3 runed translucent doors
Lair:5 exclusion: obsidian statue
Swamp:1 Roxanne
Elf:2 3 runed translucent doors
Vaults:4 1 transporter, Bidatih's ghost, adept MiBe
Vaults:5 Mennas; Saint Roka
Zot:5 1 transporter


Innate Abilities, Weirdness & Mutations

You have very sharp teeth.
Your uncanny sense of smell can sniff out nearby items.
Your experience applies equally to all skills.
You are partially covered in iridescent scales. (AC +2)
You are agile. (Dex +4, Str/Int -1)
Your mind is acute. (Int +4, Str/Dex -1)
You are occasionally teleported next to monsters.


Message History

You shred the sun demon!!!
You kill the sun demon!
The Council accepts your kill.
Your transformation is almost over.
There is a staircase leading out of the dungeon here.
Your hands revert to their normal proportions.
Your +1 pair of gloves unmelds from your body.
The +10 tower shield of Parts Unknown {rF+ Int+3} unmelds from your body.
You pummel the hell beast!! You bite the hell beast.
The hell beast is moderately wounded.
You block the hell beast's attack. x2
You completely miss the hell beast. You bite the hell beast.
The hell beast is heavily wounded.
You block the hell beast's attack. The hell beast barely misses you.
You miss the hell beast.
The hell beast is heavily wounded.
You block the hell beast's attack. x2
You pummel the hell beast!!
The hell beast is severely wounded.
The hell beast completely misses you. You block the hell beast's attack.
You hit the hell beast. Your bite misses the hell beast.
The hell beast is severely wounded.
You block the hell beast's attack. x2
You barely miss the hell beast.
The hell beast is severely wounded.
You block the hell beast's attack. x2; The hell beast barely misses you.
You block the hell beast's attack.
You barely miss the hell beast.
The hell beast is severely wounded.
You hit the hell beast.
The hell beast is severely wounded.
You block the hell beast's attack. x2
You barely miss the hell beast.
The hell beast is severely wounded.
You block the hell beast's attack. x2
You pummel the hell beast!!
You kill the hell beast!
The Council accepts your kill.
An Orb Guardian comes into view.
You have escaped!

...............#..#..#.# #.......
...............#.#.....###.......
####.###....###..#...#...........
#.#...##......####..#..#####..
#.#..####......X....#...###.3#
#.#.##.##.............#..##)##
#.#..##.....##.###............
#.#........#.....##.....#....#
#.#.......##.@.....#....#33...
#.#........#.....##.....#....#
#.#..##.....##.###......).....
#.#.##.##............#########
#.#..####............#########
#.#...##......####............
#.#...........#...#.##########
#........####.#.....#
########...##..#..#.#


You could see an Orb Guardian.

Vanquished Creatures
  5 dread liches
  An ancient lich (Zot:5)
  Mara (Vaults:4)
  2 orbs of fire (Zot:5)
  A juggernaut (Depths:4)
  5 Killer Klowns (Zot:5)
  Nikola (Depths:1)
  6 golden dragons
  A bone dragon (Depths:4)
  A Tzitzimitl (Zot:5)
  2 electric golems
  11 tentacled monstrosities
  16 Orb Guardians (Zot:5)
  2 deep elf blademasters (Elf:3)
  3 titans
  A quicksilver dragon (Depths:2)
  3 liches
  3 sphinxes
  A deep elf master archer (Elf:3)
  4 death cobs (Zot:5)
  The ghost of Sanktem7 the Severer, an adept MiFi of Okawaru (Swamp:3)
  Kirke (Swamp:2)
  5 tengu reavers
  10 fire giants
  5 thorn hunters
  6 shadow dragons
  8 storm dragons
  A draconian monk (Zot:1)
  6 frost giants
  4 draconian knights
  3 nagarajas
  An iron dragon (Vaults:5)
  2 ghost moths (Zot:5)
  Aizul (Vaults:4)
  4 draconian scorchers
  7 deep elf sorcerers
  16 vault wardens
  A reaper (Depths:3)
  A curse skull (Depths:3)
  A balrug (D:1)
  5 draconian stormcallers
  5 draconian shifters
  3 ghouls (Swamp:4)
  A war gargoyle (Vaults:3)
  20 ironbound preservers
  A demonspawn corrupter (D:7)
  2 cacodemons
  30 very ugly things
  2 spriggan defenders (Depths:3)
  4 deep elf elementalists (Elf:3)
  11 stone giants
  7 draconian annihilators
  10 ironbound thunderhulks
  5 vampire knights
  6 green draconians (Zot:5)
  4 black draconians
  Nessos (D:14)
  A demonspawn black sun (D:8)
  5 deep elf demonologists
  3 purple draconians
  4 yellow draconians
  7 white draconians
  3 eleionomae
  2 bunyips
  5 deep elf annihilators
  4 dire elephants (Lair:5)
  8 red draconians
  4 spark wasps (Depths:2)
  9 ettins
  2 crystal guardians
  10 fire dragons
  4 deep elf death magi (Elf:3)
  6 great orbs of eyes
  11 deep elf high priests
  2 hell beasts
  Fannar (D:10)
  2 shambling mangroves
  8 spriggan air magi
  7 ghost crabs
  3 ogre magi
  13 yaktaur captains
  A spriggan zombie (Depths:1)
  14 hydras
  2 catoblepae
  10 rakshasas
  31 vault guards
  5 ironbound frosthearts
  4 peacekeepers
  9 ice dragons
  6 centaur warriors
  12 anacondas
  18 two-headed ogres
  6 alligators
  14 death yaks
  11 dancing weapons
  5 deep troll shamans
  A hell hog (Depths:3)
  9 naga warriors
  5 boulder beetles
  9 deep troll earth magi
  A tengu warrior (Depths:4)
  6 shock serpents
  6 spriggan berserkers
  A spectral dire elephant (Lair:5)
  A vampire mage (Depths:4)
  13 naga sharpshooters
  6 deep elf knights
  7 hell knights
  9 soul eaters
  7 iron trolls
  4 sun demons (D:1)
  3 death drakes
  A shadow wraith (Vaults:5)
  A spectral anaconda (Lair:5)
  2 skeletal warriors (D:15)
  9 spriggan druids
  6 salamander mystics
  3 spectral death yaks (Lair:5)
  5 glowing orange brains
  A cherub (D:10)
  6 goliath frogs
  3 flayed ghosts
  8 swamp dragons
  2 naga ritualists (Snake:3)
  8 bog bodies
  5 deep elf archers
  2 phantasmal warriors (Swamp:4)
  A spectral hydra (Swamp:4)
  A quicksilver dragon simulacrum (Depths:3)
  44 deep trolls
  10 wizards
  19 ironbound convokers
  9 lindwurms
  5 harpies (Vaults:3)
  5 mana vipers
  3 orc knights
  20 deep elf zephyrmancers
  13 necromancers
  26 deep elf pyromancers
  A wolf spider (Lair:2)
  3 oklob plants (Swamp:4)
  19 ugly things
  3 will-o-the-wisps
  15 salamanders
  2 manticores (D:15)
  6 cyclopes
  9 moths of wrath
  21 elephants
  3 apocalypse crabs (Swamp:1)
  Joseph (D:10)
  A guardian serpent (shapeshifter) (Depths:4)
  A guardian serpent (Snake:2)
  A toenail golem (Volcano)
  32 black mambas
  A molten gargoyle (Volcano)
  18 naga magi
  3 orange demons (Depths:2)
  14 cane toads
  A dire elephant skeleton (Lair:5)
  An unseen horror (D:10)
  18 vault sentinels
  A gargoyle (D:14)
  2 kobold demonologists
  2 efreet (Volcano)
  7 komodo dragons
  31 yaktaurs
  2 rime drakes
  A komodo dragon (shapeshifter) (Vaults:5)
  A freezing wraith (Vaults:5)
  A tengu conjurer (Depths:2)
  6 hydra zombies (Swamp:4)
  A silent spectre (Depths:3)
  13 trolls
  A death drake zombie (Swamp:4)
  3 meliai (D:15)
  3 polar bears
  19 hornets
  A bloated husk (Swamp:3)
  A tengu simulacrum (Depths:1)
  A hellwing (Depths:2)
  A death drake skeleton (Swamp:4)
  7 tyrant leeches
  2 wind drakes (shapeshifter) (D:14)
  9 blink frogs
  Grinder (D:6)
  4 spectral elephants (Lair:5)
  2 air elementals (Elf:1)
  A shadow (D:13)
  4 slime creatures
  16 spriggans
  A dire elephant simulacrum (Lair:5)
  70 yaks
  8 fire elementals
  4 hogs (Swamp:2)
  6 basilisks
  3 vampires (Vaults:3)
  3 wraiths
  9 water elementals
  5 wyverns
  15 humans (D:14)
  A golden eye (shapeshifter) (D:13)
  14 vampire mosquitoes
  A steam dragon (Lair:3)
  A neqoxec (Depths:2)
  4 wargs
  A death yak simulacrum (Lair:5)
  22 nagas
  13 swamp worms
  5 hydra simulacra (Swamp:4)
  2 acid dragons
  3 spectral cane toads (Lair:5)
  13 water moccasins
  3 swamp drakes
  2 sky beasts (D:8)
  2 ice beasts
  13 orc warriors
  A spriggan simulacrum (Depths:1)
  9 boggarts
  4 elephant zombies (Lair:5)
  4 centaurs
  22 ogres
  8 wolves
  An elephant skeleton (Lair:5)
  A phantom (D:5)
  3 kobold brigands
  16 bullfrogs
  5 necrophages
  5 earth elementals
  3 gnoll sergeants
  A scorpion (shapeshifter) (Vaults:5)
  7 scorpions
  A wyvern zombie (D:8)
  15 wights
  17 killer bees
  An elephant simulacrum (Lair:5)
  8 electric eels
  4 howler monkeys
  A centaur zombie (D:8)
  A human zombie (D:8)
  A hound (D:6)
  11 orc priests
  3 iguanas
  10 orc wizards
  Natasha (thrice) (D:2)
  A killer bee zombie (D:8)
  3 mummies (D:8)
  2 howler monkey zombies (D:8)
  22 adders
  16 gnolls
  4 white imps
  A worm (D:2)
  43 orcs
  12 ball pythons
  2 bats
  7 endoplasms
  12 goblins
  2 hobgoblins (D:2)
  6 jackals
  17 kobolds
  3 quokkas
  5 frilled lizards
  4 rats
1719 creatures vanquished.

Vanquished Creatures (collateral kills)
  A thorn hunter (Swamp:4)
  A skeletal warrior (D:15)
  A swamp dragon (Swamp:4)
  A black mamba (Snake:4)
  A troll (D:15)
5 creatures vanquished.

Vanquished Creatures (others)
  A fire giant (D:15)
  A rakshasa (Depths:2)
  A spriggan druid (Swamp:1)
  A bog body (Swamp:4)
  A deep elf archer (Elf:1)
  2 wizards
  A deep elf zephyrmancer (Elf:1)
  A necromancer (Lair:5)
  A deep elf pyromancer (Elf:1)
  A moth of wrath (Zot:1)
  A bloated husk (Swamp:4)
  A hornet (Swamp:4)
  A human (Depths:3)
  A naga (Snake:2)
  A swamp drake (Swamp:4)
  An orc priest (Vaults:5)
  An orc (Orc:2)
  A kobold (D:10)
  14 foxfires
33 creatures vanquished.

Grand Total: 1757 creatures vanquished

Notes
Turn   | Place    | Note
-------+----------+-------------------------------------------
     0 | D:1      | Reached skill level 10 in Unarmed Combat
     0 | D:1      | acarine the Gnoll Wanderer began the quest for the Orb.
     0 | D:1      | acarine set off with the following items: a +0
                  | quarterstaff, a scroll of blinking, a potion of haste, a +0
                  | ring mail, a potion of attraction.
     0 | D:1      | Reached XP level 1. HP: 13/13 MP: 1/1
    94 | D:1      | Reached XP level 2. HP: 19/19 MP: 2/2
   266 | D:1      | Found Saenic's Magic Scroll Boutique.
   269 | D:1      | Bought a scroll of identify for 26 gold pieces
   549 | D:1      | Reached XP level 3. HP: 25/25 MP: 3/3
   807 | D:2      | Reached skill level 1 in Invocations
   866 | D:2      | Noticed Natasha
   895 | D:2      | Killed Natasha
   896 | D:2      | Reached skill level 1 in Fighting
   896 | D:2      | Reached skill level 1 in Short Blades
   896 | D:2      | Reached skill level 1 in Long Blades
   896 | D:2      | Reached skill level 1 in Axes
   896 | D:2      | Reached skill level 1 in Maces & Flails
   896 | D:2      | Reached skill level 1 in Polearms
   896 | D:2      | Reached skill level 1 in Ranged Weapons
   896 | D:2      | Reached skill level 1 in Dodging
   896 | D:2      | Reached skill level 1 in Stealth
   896 | D:2      | Reached skill level 1 in Shields
   896 | D:2      | Reached skill level 1 in Spellcasting
   896 | D:2      | Reached skill level 1 in Evocations
   896 | D:2      | Reached XP level 4. HP: 13/32 MP: 5/5
  1098 | D:2      | Noticed Natasha
  1112 | D:2      | Killed Natasha
  1113 | D:2      | Reached skill level 1 in Conjurations
  1113 | D:2      | Reached skill level 1 in Hexes
  1113 | D:2      | Reached skill level 1 in Summonings
  1113 | D:2      | Reached skill level 1 in Necromancy
  1113 | D:2      | Reached skill level 1 in Translocations
  1113 | D:2      | Reached skill level 1 in Transmutations
  1113 | D:2      | Reached skill level 1 in Fire Magic
  1113 | D:2      | Reached skill level 1 in Ice Magic
  1113 | D:2      | Reached skill level 1 in Air Magic
  1113 | D:2      | Reached skill level 1 in Earth Magic
  1113 | D:2      | Reached skill level 1 in Poison Magic
  1125 | D:2      | Learned a level 1 spell: Freeze
  1226 | D:2      | Noticed Natasha
  1294 | D:2      | Reached XP level 5. HP: 23/37 MP: 5/7
  1386 | D:2      | Killed Natasha
  1503 | D:2      | Identified the +4 dagger of Regicide {drain, Str+2 Dex+5}
  1662 | D:3      | Found Igaet's Magic Scroll Emporium.
  1696 | D:3      | Bought a scroll of teleportation for 36 gold pieces
  1714 | D:3      | Found Rolad's General Store.
  1766 | D:3      | Found Ezxot's Jewellery Shop.
  1926 | D:3      | Found Tohi's Jewellery Shoppe.
  2522 | D:4      | Reached skill level 5 in Throwing
  2522 | D:4      | Reached skill level 5 in Armour
  2522 | D:4      | Reached XP level 6. HP: 34/44 MP: 7/9
  2891 | D:5      | Entered Level 5 of the Dungeon
  3095 | D:5      | Reached XP level 7. HP: 38/51 MP: 10/10
  3818 | D:5      | Reached XP level 8. HP: 30/58 MP: 12/12
  4282 | D:5      | Found a staircase to the Ecumenical Temple.
  4287 | Temple   | Entered the Ecumenical Temple
  4587 | Temple   | Became a worshipper of the Wu Jian Council
  4778 | D:6      | Reached skill level 11 in Unarmed Combat
  4876 | D:6      | Noticed Grinder
  5193 | D:6      | Found Hyrup's CLEARANCE SALE!.
  5201 | D:6      | Bought a +0 helmet for 18 gold pieces
  5201 | D:6      | Bought a scroll of fear for 16 gold pieces
  5507 | D:6      | Found a blossoming altar of Fedhas.
  5712 | D:6      | Killed Grinder
  5945 | D:6      | Reached XP level 9. HP: 65/65 MP: 14/14
  6014 | D:7      | Reached * piety under Wu Jian
  6086 | D:7      | Learned a level 1 spell: Slow
  6090 | D:7      | Learned a level 3 spell: Confusing Touch
  6123 | D:7      | Reached skill level 5 in Staves
  6403 | D:7      | Found a shadowy altar of Dithmenos.
  6750 | D:7      | Reached skill level 5 in Invocations
  7064 | D:8      | Identified a scroll of acquirement
  7064 | D:8      | Acquired the ring of Kukeshreqo {Will+ Dex+4 Slay+5}
  7165 | D:8      | Found a stormy altar of Qazlal.
  7291 | D:8      | Reached skill level 5 in Fighting
  7291 | D:8      | Reached skill level 5 in Short Blades
  7291 | D:8      | Reached skill level 5 in Long Blades
  7291 | D:8      | Reached skill level 5 in Axes
  7291 | D:8      | Reached skill level 5 in Maces & Flails
  7291 | D:8      | Reached skill level 5 in Polearms
  7291 | D:8      | Reached skill level 5 in Ranged Weapons
  7291 | D:8      | Reached skill level 5 in Dodging
  7291 | D:8      | Reached skill level 5 in Stealth
  7291 | D:8      | Reached skill level 5 in Shields
  7291 | D:8      | Reached skill level 5 in Spellcasting
  7291 | D:8      | Reached skill level 5 in Evocations
  7291 | D:8      | Reached XP level 10. HP: 74/74 MP: 17/17
  7295 | D:8      | Learned a level 3 spell: Ozocubu's Armour
  7420 | D:8      | Found a hazy altar of Hepliaklqana.
  7422 | D:8      | Reached ** piety under Wu Jian
  7555 | D:8      | Found a radiant altar of Vehumet.
  7890 | D:8      | Found a basalt altar of Yredelemnul.
  8564 | D:9      | Reached *** piety under Wu Jian
  8659 | D:9      | You fall into a shaft and drop 3 floors!
  8659 | D:12     | Found a radiant altar of Vehumet.
  8734 | D:12     | Reached skill level 12 in Unarmed Combat
  8734 | D:12     | Reached skill level 5 in Conjurations
  8734 | D:12     | Reached skill level 5 in Hexes
  8734 | D:12     | Reached skill level 5 in Summonings
  8734 | D:12     | Reached skill level 5 in Necromancy
  8734 | D:12     | Reached skill level 5 in Translocations
  8734 | D:12     | Reached skill level 5 in Transmutations
  8734 | D:12     | Reached skill level 5 in Fire Magic
  8734 | D:12     | Reached skill level 5 in Ice Magic
  8734 | D:12     | Reached skill level 5 in Air Magic
  8734 | D:12     | Reached skill level 5 in Earth Magic
  8734 | D:12     | Reached skill level 5 in Poison Magic
  8749 | D:12     | Noticed a kobold demonologist
  8755 | D:12     | Reached XP level 11. HP: 71/81 MP: 20/20
  8758 | D:12     | Noticed a soul eater
  8846 | D:10     | Entered Level 10 of the Dungeon
  8853 | D:10     | Noticed Joseph
  8868 | D:10     | Killed Joseph
  8973 | D:10     | Noticed Fannar
  9078 | D:10     | Identified the +6 quarterstaff of the Pariah {holy, rF++
                  | SInv Stlth+}
  9267 | D:9      | Found a staircase to the Lair.
  9362 | D:9      | Noticed a two-headed ogre
  9371 | D:9      | Killed a two-headed ogre
  9631 | D:9      | Identified the +1 ice dragon scales of Ovirgh {+Inv rElec
                  | rF- rC++ rN++ rCorr}
  9873 | Lair:1   | Entered Level 1 of the Lair of Beasts
 10565 | Lair:1   | Reached **** piety under Wu Jian
 10693 | Lair:1   | Reached XP level 12. HP: 76/91 MP: 22/22
 11138 | Lair:1   | Found the +8 whip "Snakebite" {venom, curare, rPois}
 11337 | Lair:2   | Noticed a death yak
 11913 | Lair:2   | Found a staircase to the Snake Pit.
 12549 | Lair:2   | Noticed a seven-headed hydra
 12554 | Lair:2   | Killed a seven-headed hydra
 12556 | Lair:2   | Noticed a death yak
 12557 | Lair:2   | Noticed a death yak
 12557 | Lair:2   | Noticed a death yak
 12746 | D:3      | Bought the amulet of Wu Jian's Castigation {Faith rF+
                  | Regen+} for 540 gold pieces
 12994 | Lair:2   | Killed a death yak
 13076 | Lair:1   | Killed a death yak
 13261 | Lair:3   | Reached skill level 13 in Unarmed Combat
 13270 | Lair:3   | Reached ***** piety under Wu Jian
 13325 | Lair:3   | Noticed a skyshark
 13402 | Lair:3   | Reached XP level 13. HP: 98/98 MP: 25/25
 13838 | Lair:3   | Found a staircase to the Swamp.
 14463 | Lair:4   | Reached skill level 10 in Throwing
 14463 | Lair:4   | Reached skill level 10 in Armour
 14608 | Lair:4   | Identified the +0 ring mail "Qual Bith" {rPois rC++ rN+
                  | Str-2}
 14628 | Lair:4   | Learned a level 3 spell: Teleport Other
 14983 | Lair:4   | Learned a level 4 spell: Ice Form
 14986 | Lair:4   | Found a viscous altar of Jiyva.
 14986 | Lair:4   | Found a staircase to the Slime Pits.
 15433 | Lair:5   | Entered Level 5 of the Lair of Beasts
 15482 | Lair:5   | Learned a level 3 spell: Hailstorm
 15510 | Lair:5   | Reached skill level 10 in Invocations
 15510 | Lair:5   | Reached XP level 14. HP: 84/108 MP: 27/27
 15531 | Lair:5   | Reached ****** piety under Wu Jian
 16163 | Lair:5   | Noticed a dire elephant
 16163 | Lair:5   | Noticed a dire elephant
 16163 | Lair:5   | Noticed a dire elephant
 16173 | Lair:5   | Noticed a dire elephant
 16200 | Lair:5   | Killed a dire elephant
 16460 | Lair:5   | Reached skill level 10 in Staves
 16539 | Lair:5   | Identified the +5 battleaxe of Offence {venom, Str-3 Int+2
                  | Dex+2}
 16540 | Lair:5   | Identified the -1 helmet of Sloth {Rampage rN+}
 16668 | Lair:5   | Reached skill level 14 in Unarmed Combat
 16823 | Lair:5   | Killed a dire elephant
 16911 | Lair:5   | Killed a dire elephant
 17089 | Lair:5   | Reached skill level 10 in Fighting
 17089 | Lair:5   | Reached skill level 10 in Short Blades
 17089 | Lair:5   | Reached skill level 10 in Long Blades
 17089 | Lair:5   | Reached skill level 10 in Axes
 17089 | Lair:5   | Reached skill level 10 in Maces & Flails
 17089 | Lair:5   | Reached skill level 10 in Polearms
 17089 | Lair:5   | Reached skill level 10 in Ranged Weapons
 17089 | Lair:5   | Reached skill level 10 in Dodging
 17089 | Lair:5   | Reached skill level 10 in Stealth
 17089 | Lair:5   | Reached skill level 10 in Shields
 17089 | Lair:5   | Reached skill level 10 in Spellcasting
 17089 | Lair:5   | Reached skill level 10 in Evocations
 17172 | Lair:5   | Killed a dire elephant
 17526 | Lair:5   | Identified the +10 tower shield of Parts Unknown {rF+
                  | Int+3}
 17905 | D:10     | Killed Fannar
 18342 | D:11     | Reached XP level 15. HP: 115/115 MP: 29/29
 18376 | D:11     | Learned a level 1 spell: Apportation
 18817 | D:11     | Found a staircase to the Orcish Mines.
 19043 | Orc:1    | Entered Level 1 of the Orcish Mines
 19165 | Orc:2    | Entered Level 2 of the Orcish Mines
 19267 | Orc:2    | Found a dark tunnel.
 19306 | Volcano  | Entered a volcano
 20110 | Orc:2    | Found a staircase to the Elven Halls.
 20171 | Orc:2    | Found Segguf's General Store.
 20172 | Orc:2    | Found Fuhask's Book Boutique.
 20179 | Orc:2    | Found Seshroy's Distillery.
 20192 | Orc:2    | Found Puczotz's Magic Scroll Shop.
 20195 | Orc:2    | Bought a potion of heal wounds for 65 gold pieces
 20200 | Orc:2    | Bought a scroll of acquirement for 676 gold pieces
 20200 | Orc:2    | Bought a scroll of teleportation for 39 gold pieces
 20348 | Orc:2    | Acquired Maxwell's Memoranda
 20354 | Orc:2    | Learned a level 3 spell: Vhi's Electric Charge
 20390 | Orc:2    | Bought a potion of resistance for 130 gold pieces
 20390 | Orc:2    | Bought a potion of curing for 39 gold pieces
 20390 | Orc:2    | Bought a potion of mutation for 104 gold pieces
 20950 | D:12     | Got the Atlas of the Unstoppable Souls
 21421 | D:13     | Identified the +4 short sword of Hoimots {protect, MP+9}
 21602 | D:13     | Found a transporter.
 21604 | D:13     | Found a bloodstained altar of Trog.
 21606 | D:13     | Noticed alvan145's ghost (journeyman MiBe)
 21615 | D:13     | Found a transporter.
 22064 | D:14     | Noticed Nessos
 22075 | D:14     | Killed Nessos
 22126 | D:14     | Found a broken altar of Ashenzari.
 22480 | D:14     | Reached XP level 16. HP: 119/124 MP: 30/30
 22537 | D:14     | Found a gate to the Vaults.
 22895 | D:14     | Learned a level 3 spell: Gell's Gravitas
 23273 | D:15     | Entered Level 15 of the Dungeon
 23323 | D:15     | Found a staircase to the Depths.
 23626 | D:15     | Reached skill level 15 in Unarmed Combat
 23913 | D:15     | Found a runed translucent gate.
 23913 | D:15     | Found a runed translucent gate.
 23913 | D:15     | Found a runed translucent gate.
 24546 | D:3      | Bought a ring of poison resistance for 200 gold pieces
 24728 | Snake:1  | Entered Level 1 of the Snake Pit
 26766 | Snake:2  | Found Teib's Antique Armour Shoppe.
 26768 | Snake:2  | Found Bukysy's Jewellery Emporium.
 26770 | Snake:2  | Found Keremmidgh's Magic Scroll Shoppe.
 26778 | Snake:2  | Bought a scroll of fear for 56 gold pieces
 26778 | Snake:2  | Bought a scroll of blinking for 105 gold pieces
 26778 | Snake:2  | Bought a scroll of fog for 56 gold pieces
 26942 | Snake:2  | Noticed a nagaraja
 26952 | Snake:2  | Killed a nagaraja
 27090 | Snake:3  | Reached XP level 17. HP: 64/133 MP: 32/32
 27247 | Snake:3  | Reached skill level 10 in Conjurations
 27247 | Snake:3  | Reached skill level 10 in Hexes
 27247 | Snake:3  | Reached skill level 10 in Summonings
 27247 | Snake:3  | Reached skill level 10 in Necromancy
 27247 | Snake:3  | Reached skill level 10 in Translocations
 27247 | Snake:3  | Reached skill level 10 in Transmutations
 27247 | Snake:3  | Reached skill level 10 in Fire Magic
 27247 | Snake:3  | Reached skill level 10 in Ice Magic
 27247 | Snake:3  | Reached skill level 10 in Air Magic
 27247 | Snake:3  | Reached skill level 10 in Earth Magic
 27247 | Snake:3  | Reached skill level 10 in Poison Magic
 28453 | Snake:4  | Entered Level 4 of the Snake Pit
 28605 | Snake:4  | Identified the +4 plate armour of Gallantry {rF+ Str+2}
 29060 | Snake:3  | Acquired the +3 crown of Dyrovepreva {rElec Int+2 SInv}
 29060 | Snake:3  | Found the +3 crown of Dyrovepreva {rElec Int+2 SInv}
 30051 | Snake:4  | Got a serpentine rune of Zot
 30271 | Swamp:1  | Entered Level 1 of the Swamp
 30346 | Swamp:1  | Noticed Roxanne
 30425 | Swamp:1  | Found a runed translucent door.
 30861 | Swamp:1  | Reached XP level 18. HP: 139/141 MP: 34/34
 30978 | Swamp:1  | Learned a level 4 spell: Dispel Undead
 31133 | Swamp:2  | Reached skill level 16 in Unarmed Combat
 31254 | Swamp:2  | Noticed Kirke
 31274 | Swamp:2  | Killed Kirke
 31762 | Swamp:3  | Found a runed translucent gate.
 31762 | Swamp:3  | Found a runed translucent gate.
 31762 | Swamp:3  | Found a runed translucent gate.
 31960 | Swamp:3  | Noticed Sanktem7's ghost (adept MiFi)
 31988 | Swamp:3  | Killed Sanktem7's ghost
 31995 | Swamp:3  | Acquired 871 gold pieces
 32574 | Swamp:4  | Entered Level 4 of the Swamp
 33165 | Swamp:4  | Paralysed by a vampire knight for 3 turns
 33677 | Swamp:4  | Reached XP level 19. HP: 74/149 MP: 36/36
 33697 | Swamp:4  | Found a basalt altar of Yredelemnul.
 33799 | Swamp:4  | Found a blossoming altar of Fedhas.
 33889 | Swamp:4  | Got a decaying rune of Zot
 34175 | Elf:1    | Entered Level 1 of the Elven Halls
 34556 | Elf:1    | Learned a level 5 spell: Yara's Violent Unravelling
 34605 | Elf:1    | Found a portal to a secret trove of treasure.
 34617 | Elf:1    | Found Ytea's Armour Shoppe.
 34640 | Elf:1    | Paralysed by an air elemental for 1 turns
 34985 | Elf:1    | Got Kele's Handbook of Helpful Combat Magic
 34992 | Elf:1    | Learned a level 5 spell: Arcjolt
 35561 | Elf:2    | Found a runed translucent gate.
 35561 | Elf:2    | Found a runed translucent gate.
 35578 | Elf:2    | Found a runed translucent gate.
 36001 | Elf:3    | Entered Level 3 of the Elven Halls
 36154 | Elf:3    | Found Vury's Book Shop.
 36155 | Elf:3    | Found Amejeh's Book Shop.
 36155 | Elf:3    | Found Torghynla's Jewellery Boutique.
 36166 | Elf:3    | Bought a book of Spatial Translocations for 252 gold pieces
 36169 | Elf:3    | Learned a level 2 spell: Blink
 36169 | Elf:3    | Found Fogrumn's Antique Weapon Boutique.
 36172 | Elf:3    | Bought a manual of Unarmed Combat for 1120 gold pieces
 36364 | Elf:3    | Found Imupimeph's Armour Shop.
 37071 | Elf:3    | Reached skill level 17 in Unarmed Combat
 37253 | Elf:3    | Reached skill level 15 in Invocations
 37279 | Elf:3    | Identified the ring "Tueboxed" {EV+5 Dex+3 Stlth+}
 37392 | Elf:3    | Identified the +3 leather armour of Utathray {-Tele rF+++
                  | rCorr Str+5}
 37576 | Elf:3    | Reached XP level 20. HP: 138/158 MP: 37/37
 37664 | Elf:3    | Identified the +0 leather armour "Tisutit" {rPois}
 37730 | Elf:3    | Learned a level 5 spell: Silence
 37743 | Elf:3    | Identified the staff of earth "Loecwef" {rF+ rN+ SInv
                  | Stlth+}
 37776 | Elf:3    | Identified the +1 arbalest of acarine's Slow Death {elec,
                  | MP-9 Str+5}
 37808 | Elf:3    | Found the +13 scythe of Curses {drain, curses, Drain}
 38070 | Vaults:1 | Entered Level 1 of the Vaults
 38932 | Vaults:1 | Found Unor's Magic Scroll Shoppe.
 40043 | Vaults:2 | Identified the ring of Weucsuan {Fire Int+3}
 40210 | Vaults:2 | Reached skill level 15 in Throwing
 40210 | Vaults:2 | Reached skill level 15 in Armour
 40536 | Vaults:2 | Reached skill level 18 in Unarmed Combat
 40666 | Vaults:2 | Gained mutation: You occasionally shout uncontrollably at
                  | your foes. [you]
 40682 | Vaults:2 | Lost mutation: You occasionally shout uncontrollably at
                  | your foes. [potion of mutation]
 40682 | Vaults:2 | Gained mutation: You are partially covered in iridescent
                  | scales. (AC +2) [potion of mutation]
 40785 | Vaults:1 | Reached skill level 15 in Short Blades
 41420 | Vaults:2 | Reached XP level 21. HP: 166/166 MP: 39/39
 42345 | Vaults:3 | Reached skill level 15 in Staves
 42865 | Vaults:3 | Found a staircase to the Crypt.
 43587 | Vaults:4 | Reached skill level 15 in Fighting
 43587 | Vaults:4 | Reached skill level 15 in Long Blades
 43587 | Vaults:4 | Reached skill level 15 in Axes
 43587 | Vaults:4 | Reached skill level 15 in Maces & Flails
 43587 | Vaults:4 | Reached skill level 15 in Polearms
 43587 | Vaults:4 | Reached skill level 15 in Ranged Weapons
 43587 | Vaults:4 | Reached skill level 15 in Dodging
 43587 | Vaults:4 | Reached skill level 15 in Stealth
 43587 | Vaults:4 | Reached skill level 15 in Shields
 43587 | Vaults:4 | Reached skill level 15 in Spellcasting
 43587 | Vaults:4 | Reached skill level 15 in Evocations
 43844 | Vaults:4 | Noticed Aizul
 43863 | Vaults:4 | Killed Aizul
 44335 | Vaults:4 | Identified the +6 scimitar "Adaocs" {freeze, Dex+3}
 44577 | Vaults:4 | Reached skill level 19 in Unarmed Combat
 44722 | Vaults:4 | Paralysed by a sphinx for 2 turns
 44730 | Vaults:4 | Identified the +5 great mace of the Vestibule of Hell
                  | {elec, rN+}
 44735 | Vaults:4 | Noticed Mara
 44932 | Depths:1 | Entered Level 1 of the Depths
 45109 | Depths:1 | Learned a level 5 spell: Blade Hands
 45714 | Depths:1 | Found a gateway to Hell.
 45714 | Depths:1 | Noticed Nikola
 45834 | Depths:1 | Killed Nikola
 45835 | Depths:1 | Reached XP level 22. HP: 126/175 MP: 36/41
 46164 | Depths:1 | Found Owkinire's Book Emporium.
 46164 | Depths:1 | Found Jeshiuwa's Jewellery Boutique.
 46166 | Depths:1 | Found Ewutiac's Book Emporium.
 46172 | Depths:1 | Bought an Inescapable Atlas for 416 gold pieces
 46181 | Depths:1 | Learned a level 4 spell: Manifold Assault
 46650 | Vaults:4 | Noticed acarine's illusion
 46657 | Vaults:4 | Noticed acarine's illusion
 46660 | Vaults:4 | Killed Mara
 46766 | Vaults:4 | Found a transporter.
 46766 | Vaults:4 | Noticed Bidatih's ghost (adept MiBe)
 47163 | Vaults:5 | Entered Level 5 of the Vaults
 47169 | Vaults:5 | Noticed a dread lich
 47187 | Vaults:5 | Killed a dread lich
 47321 | Vaults:5 | Identified the +2 chain mail of Fortification {*Corrode Fly
                  | Int+5 Dex+4}
 47712 | Vaults:5 | Noticed a golden dragon
 47726 | Vaults:5 | Killed a golden dragon
 47791 | Vaults:5 | Reached skill level 20 in Unarmed Combat
 47955 | Vaults:5 | Got a silver rune of Zot
 47986 | Vaults:5 | Noticed Saint Roka
 48022 | Vaults:5 | Noticed a dread lich
 48153 | Vaults:5 | Noticed Mennas
 48158 | Vaults:5 | Noticed a dread lich
 48158 | Vaults:5 | Noticed a golden dragon
 48714 | Depths:2 | Found Pufoget's General Store.
 48723 | Depths:2 | Bought a wand of digging (3) for 289 gold pieces
 49000 | Depths:2 | Reached XP level 23. HP: 172/183 MP: 42/42
 49356 | Depths:2 | Noticed a golden dragon
 49361 | Depths:2 | Killed a golden dragon
 49741 | Depths:2 | Found a one-way gateway to a ziggurat.
 49960 | Depths:2 | Found a one-way gate leading to the halls of Pandemonium.
 50385 | Depths:3 | Noticed a golden dragon
 50394 | Depths:3 | Killed a golden dragon
 50456 | Depths:3 | Found a one-way gate to the infinite horrors of the Abyss.
 50596 | Depths:3 | Identified the +7 flail "Zimuc" {distort, *Slow rPois Str+7
                  | SInv}
 51156 | Depths:3 | Found a runed door.
 51285 | Depths:3 | Noticed a dread lich
 51286 | Depths:3 | Noticed a dread lich
 51309 | Depths:3 | Killed a dread lich
 51318 | Depths:3 | Killed a dread lich
 51331 | Depths:3 | Identified the ring "Nise" {Fly Slay+4}
 51336 | Depths:3 | Acquired 774 gold pieces
 51463 | Depths:3 | Identified the ring of Zewneegi {rPois Str+2 Int-4 Dex+2
                  | Stlth+}
 51466 | Depths:3 | Identified the +0 helmet of Casuy {rC+ rN+ Will+ Str-2}
 51468 | Depths:3 | Identified the +5 chain mail of an ice cave {*Slow Dex+4}
 51471 | Depths:3 | Identified the +3 chain mail "Xudeucze" {rF- Regen+ Dex+6}
 51489 | Depths:3 | Reached skill level 21 in Unarmed Combat
 51789 | Depths:4 | Entered Level 4 of the Depths
 51939 | Depths:4 | Noticed a juggernaut
 51945 | Depths:4 | Killed a juggernaut
 52256 | Depths:4 | Reached XP level 24. HP: 151/193 MP: 41/43
 52975 | Depths:4 | Found a gate to the Realm of Zot.
 53154 | Zot:1    | Entered Level 1 of the Realm of Zot
 53779 | Zot:4    | Noticed an orb of fire
 53883 | Zot:5    | Entered Level 5 of the Realm of Zot
 53905 | Zot:5    | Found a transporter.
 54193 | Zot:5    | Noticed a dread lich
 54199 | Zot:5    | Reached skill level 22 in Unarmed Combat
 54219 | Zot:5    | Killed a dread lich
 54220 | Zot:5    | Noticed a Killer Klown
 54317 | Zot:5    | Killed a Killer Klown
 54340 | Zot:5    | Noticed a Killer Klown
 54351 | Zot:5    | Killed a Killer Klown
 54435 | Zot:5    | Noticed a Killer Klown
 54448 | Zot:5    | Reached XP level 25. HP: 190/201 MP: 42/44
 54452 | Zot:5    | Noticed an orb of fire
 54545 | Zot:5    | Noticed a Killer Klown
 54565 | Zot:5    | Killed a Killer Klown
 54567 | Zot:5    | Gained mutation: You are weak. (Str -2) [an orb of fire]
 54761 | Zot:5    | Killed a Killer Klown
 54779 | Zot:5    | Noticed a Killer Klown
 54804 | Zot:5    | Killed a Killer Klown
 54958 | Zot:5    | Noticed a dread lich
 54964 | Zot:5    | Killed a dread lich
 55015 | Zot:5    | Noticed an ancient lich
 55016 | Zot:5    | Noticed an ancient lich
 55019 | Zot:5    | Noticed an orb of fire
 55091 | Zot:5    | Killed an ancient lich
 55095 | Zot:5    | Gained mutation: Armour fits poorly on your strangely
                  | shaped body. [an orb of fire]
 55104 | Zot:5    | Gained mutation: Your spells are a little easier to cast,
                  | but a little less powerful. [an orb of fire]
 55105 | Zot:5    | Gained mutation: You have hidden genetic defects. [an orb
                  | of fire]
 55106 | Zot:5    | Gained mutation: You occasionally lose the ability to drink
                  | potions when taking damage. [an orb of fire]
 55114 | Zot:5    | Killed an orb of fire
 55123 | Zot:5    | Lost mutation: Your spells are a little easier to cast, but
                  | a little less powerful. [potion of mutation]
 55123 | Zot:5    | Lost mutation: You are partially covered in iridescent
                  | scales. (AC +2) [potion of mutation]
 55123 | Zot:5    | Lost mutation: You occasionally lose the ability to drink
                  | potions when taking damage. [potion of mutation]
 55123 | Zot:5    | Gained mutation: Your system is resistant to poisons.
                  | (rPois) [potion of mutation]
 55123 | Zot:5    | Gained mutation: Your magical capacity is low. (-10% MP)
                  | [potion of mutation]
 55124 | Zot:5    | Lost mutation: Armour fits poorly on your strangely shaped
                  | body. [potion of mutation]
 55124 | Zot:5    | Lost mutation: You are weak. (Str -2) [potion of mutation]
 55124 | Zot:5    | Gained mutation: You are clumsy. (Dex -2) [potion of
                  | mutation]
 55124 | Zot:5    | Gained mutation: Your spells are a little harder to cast,
                  | but a little more powerful. [potion of mutation]
 55124 | Zot:5    | Lost mutation: Your spells are a little harder to cast, but
                  | a little more powerful. [potion of mutation]
 55125 | Zot:5    | Lost mutation: You are clumsy. (Dex -2) [potion of
                  | mutation]
 55125 | Zot:5    | Lost mutation: You have hidden genetic defects. [potion of
                  | mutation]
 55125 | Zot:5    | Lost mutation: Your system is resistant to poisons. (rPois)
                  | [potion of mutation]
 55125 | Zot:5    | Gained mutation: You expend magic power (3 MP) to
                  | strengthen your wands. [potion of mutation]
 55152 | Zot:5    | Noticed an orb of fire
 55168 | Zot:5    | Gained mutation: You occasionally lose the ability to read
                  | scrolls when taking damage. [an orb of fire]
 55175 | Zot:5    | Gained mutation: You are occasionally teleported next to
                  | monsters. [an orb of fire]
 55181 | Zot:5    | Gained mutation: You are somewhat resistant to further
                  | mutation. [an orb of fire]
 55190 | Zot:5    | Killed an orb of fire
 55420 | Zot:5    | Noticed a Killer Klown
 55421 | Zot:5    | Got the Orb of Zot
 55682 | Depths:2 | Lost mutation: You are somewhat resistant to further
                  | mutation. [potion of mutation]
 55682 | Depths:2 | Lost mutation: Your magical capacity is low. (-10% MP)
                  | [potion of mutation]
 55682 | Depths:2 | Lost mutation: You occasionally lose the ability to read
                  | scrolls when taking damage. [potion of mutation]
 55682 | Depths:2 | Gained mutation: Your mind is acute. (Int +4, Str/Dex -1)
                  | [potion of mutation]
 55682 | Depths:2 | Gained mutation: You are agile. (Dex +4, Str/Int -1)
                  | [potion of mutation]
 55682 | Depths:2 | Gained mutation: You have extremely sharp teeth. [potion of
                  | mutation]
 55682 | Depths:2 | Gained mutation: You are partially covered in iridescent
                  | scales. (AC +2) [potion of mutation]
 55683 | Depths:2 | Lost mutation: You expend magic power (3 MP) to strengthen
                  | your wands. [potion of mutation]
 55683 | Depths:2 | Lost mutation: You are partially covered in iridescent
                  | scales. (AC +2) [potion of mutation]
 55683 | Depths:2 | Gained mutation: You are partially covered in iridescent
                  | scales. (AC +2) [potion of mutation]
 55683 | Depths:2 | Lost mutation: You have extremely sharp teeth. [potion of
                  | mutation]
 55815 | D:10     | Reached skill level 15 in Conjurations
 55815 | D:10     | Reached skill level 15 in Hexes
 55815 | D:10     | Reached skill level 15 in Summonings
 55815 | D:10     | Reached skill level 15 in Necromancy
 55815 | D:10     | Reached skill level 15 in Translocations
 55815 | D:10     | Reached skill level 15 in Transmutations
 55815 | D:10     | Reached skill level 15 in Fire Magic
 55815 | D:10     | Reached skill level 15 in Ice Magic
 55815 | D:10     | Reached skill level 15 in Air Magic
 55815 | D:10     | Reached skill level 15 in Earth Magic
 55815 | D:10     | Reached skill level 15 in Poison Magic
 56046 | D:$      | Escaped with the Orb!

Illustrated notes

Levels and vault maps discovered:
D:1:      erik_arrival_blinker_ship, layout_basic, serial_shops,
          nicolae_shop_window_shopping
D:2:      layout_rooms, uniq_natasha
D:3:      layout_basic, serial_shops, shop, nicolae_shop_stone,
          nicolae_shop_behind_doors, shop
D:4:      layout_cave_pools
D:5:      layout_layer_cave, temple_doors_e
D:6:      layout_layer_cave, fedhas_ov_isle_minmay,
          nicolae_concentric_dashed_squares_wild, nicolae_shop_clearance,
          uniq_grinder
D:7:      layout_rooms, mainiacjoe_overflow_six_doors_small,
          hangedman_decor_growths, kennysheep_minor_cross
D:8:      layout_loops_ring, amcnicky_altar_gilded,
          lemuel_mausoleum_altar_yredelemnul, mainiacjoe_overflow_big_doors
D:9:      layout_stronghold, due_lair_maze_entry_diamond
D:10:     layout_rooms, grunt_ogre_cave, uniq_joseph, uniq_fannar
D:11:     layout_basic, orc_0_dummy
D:12:     layout_stronghold, fiery_altar_vehumet
D:13:     layout_loops_ring, serial_glass, glass_columns_b, glass_columns_a,
          glass_columns_a, glass_columns_a, glass_columns_b, glass_columns_b,
          gammafunk_ghost_wrathful_warriors
D:14:     layout_stronghold, grunt_vaults_entry_tiered,
          nicolae_ashenzari_panopticon, uniq_nessos
D:15:     grunt_enter_depths_giant_problem, layout_irregular_city,
          ploomutoo_gammafunk_ghost_potion_laboratory,
          chequers_serial_rivers_micro_e, palyth_stone_intersect
Temple:   minmay_temple_bridge_d
Lair:1:   minmay_guarded_unrand_snakebite, layout_cave_shapes
Lair:2:   minmay_lair_venomous_thicket, layout_cave_pods, dummy_snake_entry,
          gauntlet_entry_generic, portal_ice_cave_entry_pillars_2
Lair:3:   layout_misc_corridors, nicolae_swamp_entry_splash_gauntlet,
          serial_forest, infiniplex_forest_end_2, infiniplex_forest_clump_large,
          infiniplex_forest_clump_diagonal, infiniplex_forest_clump_large,
          infiniplex_forest_end_double, infiniplex_forest_clump_long,
          infiniplex_forest_lined_room_3, infiniplex_forest_clump_small,
          chequers_serial_rivers_micro_d, chequers_serial_rivers_micro_e,
          lemuel_fruit_tree, infiniplex_staircase_pool_2
Lair:4:   layout_cave_pods, slime_entry_1, beast_lair_carwin_8,
          serial_bayou_shore_a, lemuel_fruit_fields
Lair:5:   due_jungle_book, layout_regular_city, infiniplex_staircase_pool
Swamp:1:  gammafunk_mikee_crab_dinner, layout_falls_marsh,
          evilmike_swamp_ruin_house_3, uniq_roxanne
Swamp:2:  layout_basic_swamp, evilmike_swamp_ruin_house_5, swamp_pool3,
          nicolae_swamp_triple_paths, hangedman_swamp_blocks, uniq_kirke
Swamp:3:  layout_falls_marsh, ebering_ghost_rock_garden,
          evilmike_swamp_ruin_house_4, swamp_pool2
Swamp:4:  byrel_swamp_growth_death_and_undeath, layout_basic_swamp, swamp_pool4,
          nicolae_swamp_drake_lake
Snake:1:  layout_onion_interference, grunt_ministairs_9,
          statue_in_the_mist_lemuel
Snake:2:  layout_chambers, minmay_shop_star
Snake:3:  layout_chambers, grunt_megastairs_2
Snake:4:  snake_pit, layout_cave_town, grunt_ministairs_1, grunt_megastairs_4
Orc:1:    layout_diamond_mine, special_room [special_room_orc]
Orc:2:    st_orc_open, layout_caves, enter_volcano_2, basic_altar
Elf:1:    layout_rooms, enter_trove_0, serial_shops, shop, minmay_elf_sorcery,
          grunt_megastairs_3
Elf:2:    nicolae_elf_blades_splatter_lattice [nicolae_blade_entry_pointy_end],
          layout_onion_city
Elf:3:    minmay_elf_hall_hex, layout_loops_corners, serial_shops, shop,
          minmay_shoptagon
Vaults:1: v_misc_4, hangedman_vaults_maws, nicolae_vaults_storage_closets_2,
          nicolae_vaults_specimen_jars, vaults_mumra_hex,
          nicolae_vaults_sesquioval_fish, v_misc_11, layout_vaults_omnigrid,
          serial_shops, nicolae_shop_hallway_stairs
Vaults:2: nicolae_vaults_storage_room_doors, vaults_dpeg_doors,
          nicolae_vaults_meiosis, st_eye, hangedman_vaults_pinch,
          nicolae_vaults_storage_room_water, nicolae_vaults_six-pack,
          nicolae_vaults_lightning_bolt, nicolae_vaults_heist,
          vaults_dpeg_hooks, layout_vaults_ring
Vaults:3: vaults_room_fours, ontoclasm_vaults_ligature,
          nicolae_vaults_doubleplus_tesselated, nicolae_vaults_network_quincunx
          [nicolae_vaults_network_quincunx_subvault,
          nicolae_vaults_network_quincunx_subvault,
          nicolae_vaults_network_quincunx_subvault,
          nicolae_vaults_network_quincunx_subvault,
          nicolae_vaults_network_quincunx_subvault],
          nicolae_vaults_door_testing_chamber, minmay_crypt_entry_vampire_xt,
          v_alt_pattern_6, nicolae_vaults_tangram_2,
          nicolae_vaults_layer_cake_slice, nicolae_vaults_trapezoid_layered,
          layout_vaults_omnicross
Vaults:4: gammafunk_ghost_smash, nicolae_vaults_more_shelving_2,
          ontoclasm_vaults_ring_small, grunt_vaults_funnel,
          vaults_dpeg_diagonal, layout_vaults_chaotic_city, uniq_mara,
          uniq_aizul
Vaults:5: uniq_saint_roka, uniq_xtahua, uniq_mennas
Depths:1: layout_roguey, hell_entry, minmay_microvault, grunt_megastairs_1,
          serial_bayou_shore_b, minmay_shop_grove, uniq_nikola
Depths:2: kennysheep_snake, layout_cave_pools, enter_ziggurat_f,
          minmay_hedge_maze, serial_shops, nicolae_shop_tiny_statue_garden,
          hell_entry, rand_demon_pan_entry_3, minmay_staircase_windowed_large
Depths:3: evilmike_wizard_prison, layout_gridville, abyss_entry,
          grunt_mini_vestibule, kennysheep_nub, infiniplex_staircase_spiral
Depths:4: grunt_zot_entry_bicorn, layout_gridlike, hell_entry
Zot:1:    layout_basic, hangedman_spider_trapstep
Zot:2:    dreamdust_black_sun_cult, layout_basic, drop_trap
Zot:3:    layout_gridlike
Zot:4:    nicolae_zot_stationary_front, layout_misc_corridors,
          grunt_ministairs_10, grunt_megastairs_5
Zot:5:    layout_misc_corridors, gammafunk_ghost_crypt, nicolae_diode_stairs

Skill      XL: |  1  2  3  4  5  6  7  8  9 10 11 12 13 14 15 16 17 18 19 20 21 22 23 24 25 |
---------------+----------------------------------------------------------------------------+-----
Unarmed Combat | 11 12 13 14 15 16 17 18 19 20 21 22 | 22.6
Invocations    | 1 2 3 4 5 6 7 8 10 11 12 13 14 15 16 17 18 19 | 19.1
Fighting       | 1 2 3 5 6 7 8 9 10 11 12 13 14 15 16 17 | 17.6
Short Blades   | 1 2 3 5 6 7 8 9 10 11 12 13 15 16 17 18 19 20 | 20.5
Long Blades    | 1 2 3 5 6 7 8 9 10 11 12 13 14 15 16 17 | 17.6
Axes           | 1 2 3 5 6 7 8 9 10 11 12 13 14 15 16 17 | 17.6
Maces & Flails | 1 2 3 5 6 7 8 9 10 11 12 13 14 15 16 17 | 17.6
Polearms       | 1 2 3 5 6 7 8 9 10 11 12 13 14 15 16 17 | 17.6
Ranged Weapons | 1 2 3 5 6 7 8 9 10 11 12 13 14 15 16 17 | 17.6
Dodging        | 1 2 3 5 6 7 8 9 10 11 12 13 14 15 16 17 | 17.6
Stealth        | 1 2 3 5 6 7 8 9 10 11 12 13 14 15 16 17 | 17.6
Shields        | 1 2 3 5 6 7 8 9 10 11 12 13 14 15 16 17 | 17.6
Spellcasting   | 1 2 3 5 6 7 8 9 10 11 12 13 14 15 16 17 | 17.6
Evocations     | 1 2 3 5 6 7 8 9 10 11 12 13 14 15 16 17 | 17.6
Conjurations   | 1 2 3 4 5 6 7 8 9 10 11 12 13 14 15 | 15.0
Hexes          | 1 2 3 4 5 6 7 8 9 10 11 12 13 14 15 | 15.0
Summonings     | 1 2 3 4 5 6 7 8 9 10 11 12 13 14 15 | 15.0
Necromancy     | 1 2 3 4 5 6 7 8 9 10 11 12 13 14 15 | 15.0
Translocations | 1 2 3 4 5 6 7 8 9 10 11 12 13 14 15 | 15.0
Transmutations | 1 2 3 4 5 6 7 8 9 10 11 12 13 14 15 | 15.0
Fire Magic     | 1 2 3 4 5 6 7 8 9 10 11 12 13 14 15 | 15.0
Ice Magic      | 1 2 3 4 5 6 7 8 9 10 11 12 13 14 15 | 15.0
Air Magic      | 1 2 3 4 5 6 7 8 9 10 11 12 13 14 15 | 15.0
Earth Magic    | 1 2 3 4 5 6 7 8 9 10 11 12 13 14 15 | 15.0
Poison Magic   | 1 2 3 4 5 6 7 8 9 10 11 12 13 14 15 | 15.0
Staves         | 3 4 5 6 7 8 9 10 11 12 13 14 15 16 17 | 17.8
Throwing       | 5 6 7 8 9 10 11 12 13 14 15 16 17 18 | 18.1
Armour         | 5 6 7 8 9 10 11 12 13 14 15 16 17 18 | 18.1

Action                     |  1- 3 |  4- 6 |  7- 9 | 10-12 | 13-15 | 16-18 | 19-21 | 22-24 | 25-27 || total
---------------------------+-------+-------+-------+-------+-------+-------+-------+-------+-------++-------
  Melee: Quarterstaff      |    91 |    62 |       |       |       |       |       |       |       ||   153
         Bite              |     6 |     9 |    27 |    90 |   283 |   365 |   425 |   365 |    56 ||  1626
         Unarmed           |       |    90 |   267 |   588 |  1549 |  1925 |  1970 |  1634 |   264 ||  8287
         Punch             |       |     8 |    16 |    64 |   112 |       |    13 |   135 |    28 ||   376
  Throw: Boomerang         |       |       |    27 |    53 |     3 |    40 |     2 |     3 |     5 ||   133
         Javelin           |       |       |       |       |    46 |    27 |     7 |       |       ||    80
         Throwing net      |       |       |       |       |       |     2 |       |       |       ||     2
   Cast: Slow              |       |       |     7 |       |     2 |       |       |       |       ||     9
         Confusing Touch   |       |       |     1 |     3 |     1 |       |       |       |       ||     5
         Teleport Other    |       |       |       |       |     4 |       |       |     1 |       ||     5
         Ozocubu's Armour  |       |       |       |       |    12 |     1 |       |       |       ||    13
         Ice Form          |       |       |       |       |     2 |       |       |       |       ||     2
         Hailstorm         |       |       |       |       |     2 |     3 |     2 |     1 |       ||     8
         Vhi's Electric Ch |       |       |       |       |     1 |    36 |    39 |    37 |     6 ||   119
         Gell's Gravitas   |       |       |       |       |       |     4 |     2 |       |       ||     6
         Apportation       |       |       |       |       |       |     1 |       |     4 |     2 ||     7
         Yara's Violent Un |       |       |       |       |       |       |    59 |    31 |       ||    90
         Arcjolt           |       |       |       |       |       |       |     6 |     2 |       ||     8
         Silence           |       |       |       |       |       |       |     1 |       |       ||     1
         Blade Hands       |       |       |       |       |       |       |     6 |    57 |    16 ||    79
         Blink             |       |       |       |       |       |       |     1 |     1 |       ||     2
         Manifold Assault  |       |       |       |       |       |       |       |    19 |       ||    19
 Invoke: Heavenly Storm    |       |       |       |       |       |       |       |       |     1 ||     1
Ability: Lunge             |       |       |    11 |    16 |    51 |    50 |    74 |    68 |     7 ||   277
         Whirlwind         |       |       |     2 |     5 |    23 |    31 |    51 |    42 |     6 ||   160
         End Transformatio |       |       |       |       |       |       |       |     6 |    12 ||    18
  Evoke: Wand              |       |     4 |     1 |     5 |     8 |    11 |    11 |     6 |       ||    46
         Box of beasts     |       |       |       |       |       |     2 |       |     1 |       ||     3
         Phial of floods   |       |       |       |       |       |       |     1 |       |       ||     1
    Use: Scroll            |     1 |     5 |    13 |     7 |     9 |     9 |    10 |    17 |     6 ||    77
         Potion            |     3 |     1 |       |     3 |     3 |     5 |     7 |    15 |    19 ||    56
   Stab: Distracted        |       |     1 |     1 |       |     3 |     5 |     8 |     4 |       ||    22
         Sleeping          |       |       |     3 |     8 |    14 |    25 |    24 |    12 |       ||    86
         Confused          |       |       |     2 |     2 |       |       |     2 |       |       ||     6
         Petrified         |       |       |       |       |     3 |       |       |       |       ||     3
         Fleeing           |       |       |       |       |       |       |     1 |       |       ||     1
         Paralysed         |       |       |       |       |       |       |     1 |       |       ||     1
         Invisible         |       |       |       |       |       |       |       |     1 |       ||     1
 Armour: Ring mail         |    61 |    61 |    37 |    85 |       |       |       |       |       ||   244
         Skin              |       |     6 |       |       |     4 |       |       |       |       ||    10
         Ice dragon scales |       |       |       |    29 |   349 |   621 |   347 |   374 |    64 ||  1784
  Dodge: Dodged            |    81 |    82 |   150 |   398 |   747 |   558 |   459 |   546 |   108 ||  3129
  Block: Tower shield      |       |       |       |       |   856 |  2469 |  2042 |   877 |   108 ||  6352
